cohdb
Replays
Latest Replays
All Replays
Popular Replays
Top Player Replays
Match Explorer
How It Works
Community
CoH3 Stats
Reddit
Sign in to upload your games and track your stats! →
Sign in with Steam
Match 43670269
Unlisted
Match 43670269
Overview
Messages
Build Orders
End
Panzergrenadier Squad
Panzergrenadier Squad
250 Light Carrier
Construct Light Support Kompanie
Combat Half-tracks
Panzerjäger Squad
Fire Support Elements
Panzerjäger Mechanized Group
Selects Panzerjäger Kommand Battlegroup
Selects Tank Busters
Selects Mine Fields
Selects Defensive Positions
Flakvierling Half-track
Vehicle Survival Package
Panzergrenadier Squad
Panzergrenadier Squad
2.5-tonne Medical Truck
Construct Mechanized Kompanie
Veteran Squad Leaders
Construct Mechanized Kompanie
Selects Butterfly Bomb Drop
Pak 38 Mechanized Group
StuG III D Assault Gun
StuG III D Assault Gun
Marder III Tank Destroyer
[82AD] PaulVmax
DebaKLe
Valieriumborn
ValiantHawk
AceRobby
Beze
aion907(ROK)
JimBob
0
0
Comments
sign in to comment!
No comments posted yet!